 Dungeon Crawl Stone Soup version 0.32-a0-928-g1cae6b7ea0 (webtiles) character file.

Game seed: 6856038692846031755

127 ezpacito the Trooper (level 5, -1/41 HPs)
             Began as a Coglin Chaos Knight on Apr 13, 2024.
             Was a Plaything of Xom.
             Slain by horus123's ghost (3 damage)
             ... on level 3 of the Dungeon.
             The game lasted 00:02:05 (2242 turns).

ezpacito the Trooper (Coglin Chaos Knight)          Turns: 2242, Time: 00:02:06

Health: -1/41      AC:  5    Str: 15    XL:     5   Next: 11%
Magic:  5/6        EV: 10    Int: 11    God:    Xom [.*....]
Gold:   75         SH:  0    Dex: 13    Spells: 5/5 levels left

rFire   . . .        a - +0 hand axe (chaos) {Agustín}
rCold   . . .        p - +0 dagger (elec) {Bob}
rNeg    . . .        b - +2 leather armour
rPois   .            (no helmet)
rElec   .            e - scarf {harm}
rCorr   .            (no gloves)
SInv    .            (no boots)
Will    .....        (amulet unavailable)
Stlth   +            (ring unavailable)
HPRegen 0.26/turn    (ring unavailable)
MPRegen 0.10/turn    (no gizmo)

%: harm (+30% outgoing, +20% incoming)
@: brilliant, revved
A: off-hand wielding, slow wielding, warmup strikes, no jewellery
a: Invent Gizmo, Renounce Religion


You were on level 3 of the Dungeon.
You worshipped Xom.
You were a plaything of Xom.
You visited 1 branch of the dungeon, and saw 3 of its levels.

You collected 75 gold pieces.

Inventory:

Hand Weapons
 a - a +0 hand axe of chaos (weapon) {Agustín}
 p - a +0 dagger of electrocution (offhand) {Bob}
 v - a +0 war axe
Missiles
 k - 3 poisoned darts (quivered)
 w - 7 javelins
Armour
 b - a +2 leather armour (worn)
 e - a scarf of harm (worn)
 s - a +0 cloak
Talismans
 u - a maw talisman
Wands
 o - a wand of warping (10)
Scrolls
 c - a scroll of butterflies
 d - 2 scrolls of vulnerability {unknown}
 f - 2 scrolls of identify {unknown}
 h - a scroll of amnesia {unknown}
 i - a scroll of teleportation {unknown}
 j - a scroll of enchant weapon {unknown}
 l - 2 scrolls of torment {unknown}
 m - a scroll of immolation {unknown}
 n - a scroll of blinking {unknown}
 r - a scroll of revelation {unknown}
 t - a scroll of acquirement {unknown}


   Skills:
 * Level 3.6 Fighting
 * Level 3.4(3.6) Axes
 * Level 1.2(2.3) Polearms
 + Level 0.9 Throwing
 * Level 2.3 Armour
 * Level 1.6 Dodging
 + Level 0.7 Stealth
 + Level 0.7 Spellcasting
 + Level 0.9 Evocations


You had 5 spell levels left.
You didn't know any spells.
Your spell library contained the following spells:

 Spells                   Type           Power      Damage    Failure   Level
 Ignite Poison            Fire/Alch      0%         N/A       99%         4
 Sticky Flame             Fire/Alch      0%         2d4       99%         4
 Ignition                 Fire           0%         3d3       100%        8


Dungeon Overview and Level Annotations

Branches:
Dungeon (3/15)

Altars:
Cheibriados

Annotations:
D:3 horus123's ghost, novice DsMo


Innate Abilities, Weirdness & Mutations

You can wield a second weapon in your off-hand.
It takes a long time for you to wield or remove held weapons.
Your first few attacks do less damage.
You cannot equip rings or amulets.


Message History

You closely miss horus123's ghost with your +0 dagger of electrocution.
Horus123's ghost hits you. x2
You take 5 damage, and have 20/41 hp.
You hit horus123's ghost with your +0 hand axe of chaos.
Horus123's ghost looks even weaker.
Horus123's ghost is heavily damaged.
You hit horus123's ghost but do no damage.
Horus123's ghost barely misses you.
You hit horus123's ghost with your +0 hand axe of chaos.
You burn horus123's ghost.
Horus123's ghost is severely damaged.
You closely miss horus123's ghost with your +0 dagger of electrocution.
Horus123's ghost barely misses you. Horus123's ghost completely misses you.
You hit horus123's ghost but do no damage.
Horus123's ghost is severely damaged.
You hit horus123's ghost but do no damage.
Horus123's ghost hits you.
You take 3 damage, and have 18/41 hp.
You hit horus123's ghost but do no damage.
Horus123's ghost is severely damaged.
You hit horus123's ghost but do no damage.
Horus123's ghost hits you. Horus123's ghost hits you!
* * * LOW HITPOINT WARNING * * *
You take 9 damage, and have 9/41 hp.
MASSIVE DAMAGE!!
It was a potion of brilliance.
You feel clever all of a sudden. Horus123's ghost barely misses you.
You hit horus123's ghost with your +0 hand axe of chaos.
Horus123's ghost becomes as fragile as glass!
Horus123's ghost is severely damaged.
You hit horus123's ghost with your +0 dagger of electrocution.
Horus123's ghost closely misses you. Horus123's ghost hits you.
* * * LOW HITPOINT WARNING * * *
You take 7 damage, and have 2/41 hp.
You hit horus123's ghost but do no damage.
Horus123's ghost is severely damaged.
You hit horus123's ghost but do no damage.
Horus123's ghost seems to slow down.
Horus123's ghost hits you.
You die...
Xom chuckles heartily!

#.##.#.##.#...........
#.##.#....#...........
######.##.####..........##.
#......##.# #.##.......###
#.........# #..........#
#......##########.......#
#......###..## #.......#
######..##.##############
##..#@WS~~~$~ ##.[.#######
###..## ####


You could see horus123's ghost (fast, slow, weak, vitrified) and an adder.

Vanquished Creatures
  A bullfrog (D:3)
  2 adders
  2 dart slugs (D:3)
  A ribbon worm (D:3)
  An orc (D:3)
  3 ball pythons
  4 endoplasms
  2 giant cockroaches
  2 goblins
  7 hobgoblins
  A quokka (D:1)
  8 bats
  A frilled lizard (D:2)
  2 kobolds
  4 rats
41 creatures vanquished.

Notes
Turn   | Place    | Note
-------+----------+-------------------------------------------
     0 | D:1      | ezpacito the Coglin Chaos Knight began the quest for the
                  | Orb.
     0 | D:1      | Reached XP level 1. HP: 18/18 MP: 1/1
    55 | D:1      | Reached skill level 1 in Dodging
    59 | D:1      | XOM: potion effect (might)
    61 | D:1      | Reached XP level 2. HP: 13/24 MP: 2/2
   677 | D:2      | Found a faded altar of an unknown god.
   824 | D:2      | You fall into a shaft and drop 1 floor!
   893 | D:3      | Found a snail-covered altar of Cheibriados.
   910 | D:3      | Reached XP level 3. HP: 25/29 MP: 3/3
  1847 | D:3      | Reached XP level 4. HP: 35/35 MP: 4/4
  1892 | D:3      | XOM: silly message
  2214 | D:3      | Found a runed translucent door.
  2214 | D:3      | Noticed a bullfrog
  2215 | D:3      | Noticed horus123's ghost (novice DsMo)
  2227 | D:3      | Killed a bullfrog
  2228 | D:3      | Reached skill level 1 in Polearms
  2228 | D:3      | Reached XP level 5. HP: 20/41 MP: 4/6
  2233 | D:3      | XOM: noise
  2241 | D:3      | HP: 2/41 [horus123's ghost (7)]
  2242 | D:3      | Slain by horus123's ghost

Illustrated notes

Levels and vault maps discovered:
D:1:      lightli_arrival_boilingwater, layout_basic
D:2:      layout_loops_corners, chequers_ecumenical_altar_island
D:3:      layout_basic, kennysheep_slug_shrine, ebering_ghost_sewer_d,
          nicolae_concentric_dashed_squares_wild, minmay_liquid_box

Skill      XL: |  1  2  3  4 |
---------------+-------------+-----
Dodging        | 1 |  1.6
Armour         | 2 |  2.3
Polearms       | 1 |  1.2
Fighting       | |  3.6
Axes           | |  3.4
Throwing       | |  0.9
Stealth        | |  0.7
Spellcasting   | |  0.7
Evocations     | |  0.9

Action                     |  1- 3 |  4- 6 || total
---------------------------+-------+-------++-------
  Melee: Dagger            |    58 |    28 ||    86
         Hand axe          |    59 |    25 ||    84
    Use: Potion            |       |     4 ||     4
   Stab: Sleeping          |     2 |       ||     2
 Armour: Leather armour    |    47 |    24 ||    71
  Dodge: Dodged            |    48 |    14 ||    62

Table legend: (Time is in decaauts)
 A = Elapsed time spent in this place.
 B = Non-inter-level travel time spent in this place.
 C = Inter-level travel time spent in this place.
 D = Time resting spent in this place.
 E = Time spent auto-exploring this place.
 F = Levels seen in this place.
 G = Mean time per level.
                   A        B        C        D        E       F      G
               +--------+--------+--------+--------+--------+-----+--------+
         Total |   2263 |   2070 |    193 |      0 |   1765 |   3 |  754.3 |
       Dungeon |   2263 |   2070 |    193 |      0 |   1765 |   3 |  754.3 |
               +--------+--------+--------+--------+--------+-----+--------+

Top non-repeatable levels by time:
     D:2: 958 daAuts
     D:3: 708 daAuts
     D:1: 596 daAuts
